 Dungeon Crawl Stone Soup version 0.30-b1-2-g02819fbbbe (webtiles) character file.

Game seed: 14804725706578659183

1248 septik the Cleaver (level 8, -5/103 HPs)
             Began as a Minotaur Berserker on June 30, 2023.
             Was a Priest of Trog.
             Splashed by a jelly's acid (9 damage)
             ... on level 6 of the Dungeon.
             The game lasted 00:07:18 (5158 turns).

septik the Cleaver (Minotaur Berserker)             Turns: 5158, Time: 00:07:27

Health: -5/103     AC:  0    Str: 24    XL:     8   Next: 26%
Magic:  7/7        EV:  9    Int:  4    God:    Trog [***...]
Gold:   351        SH:  0    Dex: 10    Spells: 7/7 levels left

rFire   + . .        D - +0 war axe
rCold   + . .        (no shield)
rNeg    . . .        k - +0 chain mail
rPois   .            (helmet restricted)
rElec   .            (no cloak)
rCorr   .            (no gloves)
SInv    .            x - +0 pair of boots
Will    .....        (no amulet) Stlth
                     f - ring of protection from cold
HPRegen 0.37/turn    i - ring of protection from fire
MPRegen 0.10/turn

%: no passive effects
@: berserking, corroded, very quick
A: horns 2, retaliatory headbutt
a: Renounce Religion, Berserk, Trog's Hand


You were on level 6 of the Dungeon.
You worshipped Trog.
Trog was most pleased with you.
You visited 1 branch of the dungeon, and saw 6 of its levels.

You collected 351 gold pieces.

Inventory:

Hand Weapons
 a - a +0 hand axe
 t - a +0 sling of freezing
 D - a +0 war axe (weapon)
Missiles
 d - 91 stones (quivered)
 y - 19 poisoned darts
 I - a curare-tipped dart
Armour
 k - a +0 chain mail (worn)
 s - a +0 tower shield
 x - a +0 pair of boots (worn)
 G - +0 steam dragon scales
Jewellery
 f - a ring of protection from cold (left hand)
 i - a ring of protection from fire (right hand)
 l - a +6 ring of strength
 n - a ring of ice
 E - a +5 ring of evasion
Wands
 H - a wand of light (11)
Scrolls
 b - 3 scrolls of identify
 e - a scroll of blinking
 g - 4 scrolls of teleportation
 h - a scroll of fear
 j - a scroll of amnesia {unknown}
 m - a scroll of enchant weapon {unknown}
 o - a scroll of enchant armour {unknown}
 q - 2 scrolls of noise {unknown}
 w - a scroll of magic mapping {unknown}
 A - a scroll of poison {unknown}
Potions
 c - a potion of lignification {unknown}
 p - 3 potions of flight
 r - 6 potions of curing {unknown}
 u - a potion of might {unknown}
 v - a potion of cancellation {unknown}
 z - 2 potions of haste {unknown}
 B - a potion of mutation {unknown}
 C - a potion of heal wounds {unknown}
 F - a potion of brilliance {unknown}


   Skills:
 + Level 5.6 Fighting
 * Level 10.2 Axes
 + Level 5.5 Armour
 + Level 3.2 Dodging


You had 7 spell levels left.
You didn't know any spells.
Your spell library was empty.

Dungeon Overview and Level Annotations

Branches:
Dungeon (6/15)             Temple (0/1) D:5

Altars:
Fedhas
Trog
Yredelemnul

Annotations:
D:5 3 runed translucent doors, Metae's ghost, novice MiFi


Innate Abilities, Weirdness & Mutations

You have a pair of horns on your head.
You reflexively headbutt those who attack you in melee.


Message History

Items here: )) [[ ††.
You barely miss the jelly. The jelly hits you. The acid corrodes you!
You are splashed with acid!
You slash the jelly!
Your hands burn!
The jelly is heavily wounded.
You barely miss the orc. The orc hits you with a +0 flail.
The jelly misses you.
You hit the jelly but do no damage.
Your hands burn!
The jelly is heavily wounded.
You barely miss the orc. The orc hits you with a +0 flail!
The jelly closely misses you. You furiously retaliate!
You headbutt the jelly, but do no damage.
You are too injured to fight recklessly!
You barely miss the orc. Your headbutt misses the orc. You hit the jelly.
Your hands burn!
The orc hits you with a +0 flail!
* * * LOW HITPOINT WARNING * * *
The jelly barely misses you. You furiously retaliate!
You headbutt the jelly, but do no damage.
A red film seems to cover your vision as you go berserk!
You feel yourself moving faster!
You feel mighty! The orc hits you with a +0 flail.
* * * LOW HITPOINT WARNING * * *
The jelly hits you but does no damage.
You slash the orc!
You kill the orc!
Trog accepts your kill.
You hit the jelly.
Your hands burn!
* * * LOW HITPOINT WARNING * * *
The jelly hits you.
* * * LOW HITPOINT WARNING * * *
The acid corrodes you!
You are splashed with acid!
* * * LOW HITPOINT WARNING * * *
You hit the jelly.
Your hands burn!
* * * LOW HITPOINT WARNING * * *
You headbutt the jelly, but do no damage.
The jelly is almost dead.
The jelly hits you.
* * * LOW HITPOINT WARNING * * *
You are splashed with acid!
You die...

.#.....#....#.........
.....................#
...........##........#
...........##........##.
.#......##.............
........####.....##..#
........######...##>####
.......................#
...............)@)####.
.....)...........J#
..#.................
#.#..##...........###
#...## ...........# .#.
........)..# ..
.#........# #........#


You could see a jelly.

Vanquished Creatures
  Sigmund (D:6)
  A steam dragon (D:5)
  Duvessa (D:4)
  An orc warrior (D:6)
  3 ogres (D:6)
  A kobold brigand (D:6)
  A scorpion (D:5)
  Dowan (D:4)
  A howler monkey (D:4)
  2 jellies (D:5)
  An iguana (D:3)
  An orc wizard (D:6)
  7 adders
  A gnoll (D:1)
  A shadow imp (D:3)
  A white imp (D:6)
  3 worms
  3 dart slugs
  3 orcs
  4 bats
  11 endoplasms
  3 giant cockroaches (D:4)
  10 goblins
  7 hobgoblins
  4 jackals (D:3)
  3 quokkas
  9 ball pythons
  8 frilled lizards
  16 kobolds
  7 rats
116 creatures vanquished.

Vanquished Creatures (others)
  A fungus (D:5)
  3 plants (D:5)
4 creatures vanquished.

Grand Total: 120 creatures vanquished

Notes
Turn   | Place    | Note
-------+----------+-------------------------------------------
     0 | D:1      | septik the Minotaur Berserker began the quest for the Orb.
     0 | D:1      | Reached XP level 1. HP: 19/19 MP: 0/0
   109 | D:1      | Reached XP level 2. HP: 9/27 MP: 1/1
   286 | D:1      | Reached skill level 4 in Axes
   475 | D:1      | Reached XP level 3. HP: 32/33 MP: 2/2
   518 | D:1      | Reached ** piety under Trog
  1426 | D:2      | Reached XP level 4. HP: 41/41 MP: 3/3
  2224 | D:3      | Reached skill level 5 in Axes
  2360 | D:3      | Reached XP level 5. HP: 43/47 MP: 4/4
  2911 | D:3      | Found a basalt altar of Yredelemnul.
  2911 | D:3      | Found a bloodstained altar of Trog.
  2911 | D:3      | Found a blossoming altar of Fedhas.
  3091 | D:4      | Reached *** piety under Trog
  3147 | D:4      | Noticed Duvessa
  3153 | D:4      | Noticed Dowan
  3163 | D:4      | Killed Duvessa
  3164 | D:4      | Reached skill level 6 in Axes
  3164 | D:4      | Reached XP level 6. HP: 50/53 MP: 5/5
  3183 | D:4      | Killed Dowan
  3797 | D:4      | Reached skill level 7 in Axes
  3887 | D:5      | Entered Level 5 of the Dungeon
  4065 | D:5      | Reached skill level 5 in Fighting
  4141 | D:5      | Found a runed translucent gate.
  4143 | D:5      | Found a runed translucent gate.
  4144 | D:5      | Noticed Metae's ghost (novice MiFi)
  4145 | D:5      | Found a runed translucent gate.
  4502 | D:5      | Reached XP level 7. HP: 56/61 MP: 6/6
  4532 | D:5      | Found a staircase to the Ecumenical Temple.
  4925 | D:6      | Reached skill level 8 in Axes
  4925 | D:6      | Noticed a steam dragon
  4926 | D:6      | Noticed Sigmund
  4935 | D:5      | Killed a steam dragon
  5018 | D:6      | Reached skill level 9 in Axes
  5018 | D:6      | Reached skill level 5 in Armour
  5018 | D:6      | Killed Sigmund
  5019 | D:6      | Reached XP level 8. HP: 69/69 MP: 7/7
  5147 | D:6      | Reached skill level 10 in Axes
  5158 | D:6      | HP: 5/103 [acid (3)]
  5158 | D:6      | Splashed by a jelly's acid

Illustrated notes

Levels and vault maps discovered:
D:1:      dpeg_arrival_morbid_curiosity, layout_basic, minmay_crystal_room,
          kennysheep_decorative_pillar, minmay_box_of_dots
D:2:      minmay_razor_zed, layout_basic, serial_park_tiny_2
D:3:      layout_loops_corners, gammafunk_temple_overflow_claw
D:4:      layout_loops_ring, uniq_duvessa
D:5:      layout_loops_cross, lemuel_temple_firewalk_b,
          gammafunk_ghost_nasty_kobolds, kennysheep_boxes
D:6:      layout_rooms, hex_tiny, uniq_sigmund, uniq_crazy_yiuf_cottage

Skill      XL: |  1  2  3  4  5  6  7  8 |
---------------+-------------------------+-----
Axes           | 4 5 6 7 9 10 | 10.2
Fighting       | 4 5 |  5.6
Armour         | 3 4 5 |  5.5
Dodging        | 3 |  3.2

Action                     |  1- 3 |  4- 6 |  7- 9 || total
---------------------------+-------+-------+-------++-------
  Melee: Hand axe          |    82 |   115 |       ||   197
         Headbutt          |     5 |    25 |     3 ||    33
         War axe           |       |    19 |    33 ||    52
 Invoke: Berserk           |     2 |     1 |     3 ||     6
         Trog's Hand       |       |     1 |     1 ||     2
    Use: Scroll            |     4 |       |       ||     4
 Armour: Animal skin       |     5 |       |       ||     5
         Ring mail         |     4 |       |       ||     4
         Chain mail        |    17 |    55 |    15 ||    87
  Dodge: Dodged            |    42 |    59 |    13 ||   114
